 Dungeon Crawl Stone Soup version 0.18.1-6-gd335043 (webtiles) character file.

974 imganon the Cleaver (level 8, -4/64 HPs)
             Began as a Hill Orc Berserker on May 15, 2016.
             Was an Elder of Trog.
             Slain by Eustachio
             ... wielding a +2 falchion of holy wrath
              (7 damage)
             ... on level 5 of the Dungeon.
             The game lasted 00:08:10 (4294 turns).

imganon the Cleaver (Hill Orc Berserker)            Turns: 4294, Time: 00:08:11

Health: -4/64      AC:  6    Str: 22      XL:     8   Next: 16%
Magic:  8/8        EV: 11    Int:  7      God:    Trog [****..]
Gold:   229        SH:  0    Dex:  7 (10) Spells: 0 memorised, 7 levels left

rFire  . . .     SeeInvis .     a - +1 hand axe
rCold  . . .     Gourm    .     q - +0 ring mail
rNeg   . . .     Faith    .     (no shield)
rPois  .         Spirit   .     (no helmet)
rElec  .         Dismiss  .     h - +0 cloak
rCorr  .         Reflect  .     (no gloves)
SustAt .         Harm     .     (no boots)
MR     ++...                    (no amulet)
Stlth  ..........               (no ring)
                                (no ring)

@: exhausted, regenerating, slowed, very slow, very resistant to hostile
enchantments, extremely unstealthy
A: MP-powered wands
a: Berserk, Trog's Hand, Brothers in Arms, Burn Spellbooks, Renounce Religion


You were on level 5 of the Dungeon.
You worshipped Trog.
Trog was greatly pleased with you.
You were not hungry.

You visited 1 branch of the dungeon, and saw 5 of its levels.

You collected 229 gold pieces.

Inventory:

Hand Weapons
 a - a +1 hand axe (weapon)
Armour
 h - a +0 cloak (worn)
 q - a +0 ring mail (worn)
Wands
 m - a wand of flame (34/48)
 w - a wand of iceblast (7/15)
Scrolls
 b - a scroll of teleportation {unknown}
 i - 3 scrolls of identify {unknown}
 k - 3 scrolls of blinking {unknown}
 l - 3 scrolls of fog {unknown}
 n - 2 scrolls of enchant weapon
 s - a scroll of immolation {unknown}
 t - a scroll of noise {unknown}
 y - 3 scrolls of recharging {unknown}
 A - 2 scrolls of remove curse
Potions
 g - a potion of ambrosia
 o - 2 potions of mutation
 p - a potion of invisibility {unknown}
 u - a potion of lignification
 v - a potion of might {unknown}
Comestibles
 c - 4 bread rations
 r - 4 meat rations
 x - a beef jerky


   Skills:
 - Level 3.6 Fighting
 + Level 12.2 Axes
 - Level 2.1 Armour
 - Level 1.5 Dodging


You had 7 spell levels left.
You didn't know any spells.

Dungeon Overview and Level Annotations

Branches:
Dungeon (5/15)             Temple (0/1) D:4

Altars:
Nemelex Xobeh
Pakellas
Vehumet

Shops:
D:5 (((

Annotations:
D:5 Eustachio


Innate Abilities, Weirdness & Mutations

You expend magic power (3 MP) to strengthen your wands.


Message History

The bat hits you but does no damage.
Eustachio screams, "At last I'll have my revenge!"
Eustachio hits you but does no damage.
The river rat bites you but does no damage.
The bat hits you but does no damage.
Unknown command.
Unknown command.
Your skin crawls.
You feel resistant to hostile enchantments.
You feel slightly more hungry. The bat hits you.
* * * LOW HITPOINT WARNING * * *
The bat hits you but does no damage. The quokka closely misses you.
The bat barely misses you. The bat hits you but does no damage.
The ufetubus hits you.
* * * LOW HITPOINT WARNING * * *
The ufetubus hits you but does no damage.
The white imp closely misses you. The quokka barely misses you.
The river rat closely misses you. The bat misses you.
Eustachio hits you with a falchion of holy wrath!
You die...

##..........#
#######......####.##
#...........[..##..#
#.#####........##.##
#.#####...#+#..##..#
.)...(....+∩'..#...#
#÷#####"..#'#..#...#
#(# #........r55##
(.# ##.....†br@b##
### ####.###.@#.#
#.# #..#.# ###.#
#..#.# #.))# #..#.#
#⌠.⌠.# #..#.#
#.._..# #..###
....⌠.⌠.. ....
#####a#.##....


You could see Eustachio, a river rat, a white imp, an ufetubus, a quokka and 2
bats.

Vanquished Creatures
  A water moccasin (D:5)
  An ogre (D:4)
  A centaur (D:5)
  A scorpion (D:4)
  A howler monkey (D:4)
  A crimson imp (D:3)
  3 hounds (D:4)
  3 orc wizards
  4 orc priests
  An iguana (D:5)
  5 worker ants
  4 adders
  3 gnolls
  2 oozes (D:1)
  An adder skeleton (D:5)
  2 dart slugs (D:1)
  4 giant geckos
  2 orcs
  6 bats
  6 giant cockroaches
  8 goblins
  9 hobgoblins
  7 jackals
  3 quokkas
  A ball python (D:2)
  4 giant newts
  A jackal skeleton (D:4)
  9 kobolds
  A quokka skeleton (D:5)
  9 rats
104 creatures vanquished.

Notes
Turn   | Place    | Note
--------------------------------------------------------------
     0 | D:1      | imganon the Hill Orc Berserker began the quest for the Orb.
     0 | D:1      | Reached XP level 1. HP: 19/19 MP: 1/1
   182 | D:1      | Reached skill level 5 in Axes
   182 | D:1      | Reached XP level 2. HP: 10/26 MP: 2/2
   244 | D:1      | Reached XP level 3. HP: 13/31 MP: 3/3
   566 | D:1      | Reached ** piety under Trog
   682 | D:1      | Reached skill level 6 in Axes
  1046 | D:2      | Reached XP level 4. HP: 39/39 MP: 4/4
  1351 | D:2      | Found an oddly glowing altar of Pakellas.
  1804 | D:3      | Reached skill level 7 in Axes
  2029 | D:3      | Reached XP level 5. HP: 43/45 MP: 5/5
  2407 | D:4      | Reached skill level 8 in Axes
  2419 | D:4      | Reached *** piety under Trog
  2726 | D:4      | Reached XP level 6. HP: 30/51 MP: 6/6
  2906 | D:4      | Found a staircase to the Ecumenical Temple.
  2940 | D:4      | Reached skill level 9 in Axes
  3027 | D:4      | Reached skill level 10 in Axes
  3027 | D:4      | Reached XP level 7. HP: 46/57 MP: 7/7
  3258 | D:4      | Found a radiant altar of Vehumet.
  3698 | D:5      | Entered Level 5 of the Dungeon
  3754 | D:5      | Reached skill level 11 in Axes
  3757 | D:5      | HP: 2/57 [centaur (8)]
  3759 | D:5      | Gained mutation: You expend magic power (3 MP) to strengthen your wands. [potion of mutation]
  3759 | D:5      | Gained mutation: You occasionally shout uncontrollably at your foes. [potion of mutation]
  3759 | D:5      | Lost mutation: You occasionally shout uncontrollably at your foes. [potion of mutation]
  3771 | D:5      | Reached **** piety under Trog
  4024 | D:5      | Found Kaamnet's Weapon Shop.
  4033 | D:5      | Found Utzeuc's Antique Weapon Boutique.
  4082 | D:5      | Found Difiuchah's Antique Weapon Shop.
  4089 | D:5      | Found a sparkling altar of Nemelex Xobeh.
  4096 | D:5      | Reached XP level 8. HP: 59/64 MP: 8/8
  4105 | D:5      | Reached skill level 12 in Axes
  4254 | D:5      | Noticed Eustachio
  4294 | D:5      | HP: 3/64 [ufetubus[Eustachio] (4)]
  4294 | D:5      | Slain by Eustachio

Skill      XL: |  1  2  3  4  5  6  7  8 |
---------------+-------------------------+-----
Axes           | 5 6 7 8 10 11 12 | 12.2
Fighting       | |  3.6
Armour         | |  2.1
Dodging        | |  1.5

Action                   |  1- 3 |  4- 6 |  7- 9 || total
-------------------------+-------+-------+-------++-------
Melee: Hand axe          |   113 |   173 |   141 ||   427
Invok: Berserk           |     1 |     1 |     2 ||     4
       Burn Spellbooks   |       |     1 |       ||     1
       Trog's Hand       |       |       |     1 ||     1
  Use: Scroll            |     3 |     1 |       ||     4
       Potion            |       |       |     7 ||     7
  Eat: Chunk             |     2 |     7 |     3 ||    12
       Bread ration      |       |       |     1 ||     1
       Fruit             |       |       |     1 ||     1
Armor: Animal skin       |    20 |     4 |       ||    24
       Ring mail         |       |    51 |    59 ||   110
       Skin              |       |       |    14 ||    14
Dodge: Dodged            |    73 |    83 |    96 ||   252
